 Dungeon Crawl Stone Soup version 0.22.1-2-g9c5b331383 (webtiles) character file.

88 LoNine the Shield-Bearer (level 4, -3/29 HPs)
             Began as a Gargoyle Fighter on Nov 20, 2018.
             Slain by imphell's ghost (5 damage)
             ... on level 3 of the Dungeon on Nov 21, 2018.
             The game lasted 00:10:32 (1481 turns).

LoNine the Shield-Bearer (Gargoyle Fighter)         Turns: 1481, Time: 00:10:32

Health: -3/29      AC:  7    Str: 20    XL:     4   Next: 54%
Magic:  4/4        EV:  7    Int:  9    God:
Gold:   109        SH: 13    Dex:  9    Spells: 3/3 levels left

rFire    . . .     SeeInvis .   a - +0 flail
rCold    . . .     Gourm    .   c - +0 shield
rNeg     + . .     Faith    .   b - +0 scale mail
rPois    ∞         Spirit   .   (no helmet)
rElec    +         Reflect  .   (no cloak)
rCorr    .         Harm     .   (no gloves)
MR       .....                  (no boots)
Stlth    ..........             (no amulet)
HPRegen  0.09/turn              (no ring)
MPRegen  0.09/turn              (no ring)

@: no status effects
A: large bone plates 1, deformed body, negative energy resistance 1, electricity
resistance, wild magic 1, unbreathing, petrification resistance, rot immunity,
AC +3
a: no special abilities


You were on level 3 of the Dungeon.
You were not hungry.

You visited 1 branch of the dungeon, and saw 3 of its levels.

You collected 109 gold pieces.

Inventory:

Hand Weapons
 a - a +0 flail (weapon)
 f - a cursed -2 whip
Armour
 b - a +0 scale mail (worn)
 c - a +0 shield (worn)
Scrolls
 i - a scroll of magic mapping {unknown}
 k - a scroll of identify {unknown}
 l - a scroll of enchant armour {unknown}
 m - a scroll of remove curse {unknown}
Potions
 g - a potion of haste {unknown}
 h - 2 potions of mutation
 j - a potion of magic {unknown}
Comestibles
 e - 2 rations


   Skills:
 + Level 3.8 Fighting
 + Level 2.8 Maces & Flails
 + Level 3.8 Armour
 + Level 0.2 Dodging
 + Level 0.2 Stealth
 + Level 4.3 Shields


You had 3 spell levels left.
You didn't know any spells.
Your spell library was empty.

Dungeon Overview and Level Annotations

Branches:
Dungeon (3/15)

Altars:

Annotations:
D:3 imphell's ghost, amateur TrMo


Innate Abilities, Weirdness & Mutations

You are resistant to torment.
Your stone body is resilient. (AC +3)
You are immune to poison.
You resist negative energy. (rN+)
You are resistant to electric shocks. (rElec)
You can survive without breathing.
You are immune to petrification.
You are immune to rotting.
You are partially covered in large bone plates. (SH +4)
Armour fits poorly on your strangely shaped body.
Your spells are a little harder to cast, but a little more powerful.


Message History

Imphell's ghost is heavily damaged.
Imphell's ghost hits you but does no damage. x2
You hit imphell's ghost but do no damage.
Imphell's ghost is heavily damaged.
Imphell's ghost completely misses you.
You barely miss imphell's ghost.
Imphell's ghost is heavily damaged.
Imphell's ghost hits you.
You sock imphell's ghost!
Imphell's ghost is severely damaged.
Imphell's ghost hits you. Imphell's ghost barely misses you.
You hit imphell's ghost.
Imphell's ghost is almost destroyed.
Imphell's ghost hits you!
* * * LOW HITPOINT WARNING * * *
It was a potion of mutation.
You feel extremely strange.
Your body twists and deforms.
You feel less in control of your magic.
Large bone plates grow over parts of your arms.
Imphell's ghost hits you.
You die...

###### ##>....##
##.......#
#.<.......
########.........
#.....#..........
#?≈≈≈W@..........
#.....#..........
#########.......#
.........
......### ....##
>..#


You could see imphell's ghost.

Vanquished Creatures
  Jessica (D:2)
  An adder (D:1)
  An ooze (D:1)
  2 worms (D:2)
  A leopard gecko (D:2)
  6 bats
  4 giant cockroaches
  3 goblins
  4 hobgoblins (D:1)
  2 jackals (D:2)
  A quokka (D:2)
  3 frilled lizards (D:1)
  9 kobolds
  8 rats
46 creatures vanquished.

Notes
Turn   | Place    | Note
-------+----------+-------------------------------------------
     0 | D:1      | LoNine the Gargoyle Fighter began the quest for the Orb.
     0 | D:1      | Reached XP level 1. HP: 14/14 MP: 1/1
   266 | D:1      | Reached XP level 2. HP: 17/19 MP: 2/2
   530 | D:1      | Reached XP level 3. HP: 20/24 MP: 3/3
   738 | D:1      | Reached skill level 4 in Shields
  1155 | D:2      | Reached XP level 4. HP: 27/29 MP: 4/4
  1230 | D:2      | Noticed Jessica
  1236 | D:2      | Killed Jessica
  1465 | D:3      | Found a runed door.
  1466 | D:3      | Noticed imphell's ghost (amateur TrMo)
  1481 | D:3      | Gained mutation: Armour fits poorly on your strangely
                  | shaped body. [potion of mutation]
  1481 | D:3      | Gained mutation: Your spells are a little harder to cast,
                  | but a little more powerful. [potion of mutation]
  1481 | D:3      | Gained mutation: You are partially covered in large bone
                  | plates. (SH +4) [potion of mutation]
  1481 | D:3      | Slain by imphell's ghost

Skill      XL: |  1  2  3 |
---------------+----------+-----
Shields        | 4 |  4.3
Fighting       | |  3.8
Maces & Flails | |  2.8
Armour         | |  3.8
Dodging        | |  0.2
Stealth        | |  0.2

Action                   |  1- 3 |  4- 6 || total
-------------------------+-------+-------++-------
Melee: Flail             |   161 |    23 ||   184
  Use: Potion            |     1 |     1 ||     2
       Scroll            |       |     1 ||     1
  Eat: Ration            |     1 |       ||     1
Armor: Scale mail        |   106 |     9 ||   115
Dodge: Dodged            |    74 |     6 ||    80
Block: Shield            |    98 |    10 ||   108
